 Dungeon Crawl Stone Soup version 0.19-a0 (webtiles) character file.

3887 MovingMist the Shield-Bearer (level 9, -1/79 HPs)
             Began as a Demigod Fighter on Apr 27, 2016.
             Slain by Yehuk's ghost (13 damage)
             ... in a bailey.
             The game lasted 00:19:31 (6720 turns).

MovingMist the Shield-Bearer (Demigod Fighter)      Turns: 6720, Time: 00:19:32

Health: -1/79      AC: 13    Str: 34    XL:     9   Next: 68%
Magic:  11/11      EV: 10    Int: 12    God:
Gold:   470        SH: 12    Dex: 15    Spells: 1 memorised, 6 levels left

rFire  . . .     SeeInvis .     K - +3 trident
rCold  . . .     Gourm    .     m - +0 plate armour
rNeg   . . .     Faith    .     c - +0 shield
rPois  +         Spirit   .     (no helmet)
rElec  .         Dismiss  .     (no cloak)
rCorr  .         Reflect  .     (no gloves)
SustAt +         Harm     .     k - +1 pair of boots
MR     .....                    y - amulet of regeneration
Stlth  ..........               v - ring of poison resistance
                                i - +4 ring of strength

@: mighty, not resistant to hostile enchantments, extremely unstealthy
A: high mp 1, sustain attributes
a: no special abilities


You were in a bailey.
You were not hungry.

You visited 1 branch of the dungeon, and saw 8 of its levels.
You also visited: Bailey.

You collected 470 gold pieces.

Inventory:

Hand Weapons
 a - a +1 war axe
 q - a cursed -3 whip
 J - a +1 spear of piercing
 K - a +3 trident (weapon)
Missiles
 I - a throwing net (quivered)
Armour
 c - a +0 shield (worn)
 k - a +1 pair of boots (worn)
 m - a +0 plate armour (worn)
Jewellery
 b - an uncursed ring of protection from cold
 i - a +4 ring of strength (left hand)
 v - a ring of poison resistance (right hand)
 y - an amulet of regeneration (around neck)
 C - an uncursed ring of resist corrosion {unknown}
 D - a +2 ring of strength
Wands
 s - a wand of flame (32/48)
 t - a wand of polymorph (16/24)
 B - a wand of random effects (19/48)
 F - a wand of random effects (12/48)
Scrolls
 j - 7 scrolls of remove curse
 l - 3 scrolls of teleportation
 n - a scroll of enchant weapon
 r - a scroll of fear
 u - 2 scrolls of recharging
 A - a scroll of amnesia
Potions
 d - a potion of might
 e - a potion of agility
 g - a potion of haste {unknown}
 h - 2 potions of curing {unknown}
 o - a potion of cure mutation {unknown}
 w - a potion of resistance {unknown}
 x - a potion of mutation {unknown}
 E - a potion of brilliance {unknown}
 G - a potion of degeneration {unknown}
Comestibles
 f - 8 bread rations
 p - 2 meat rations
 z - a chunk of flesh
 H - 6 beef jerkies


   Skills:
 + Level 7.0 Fighting
 - Level 6.8 Axes
 + Level 0.0(4.1) Polearms
 - Level 2.6 Armour
 + Level 6.5 Dodging
 + Level 7.1 Shields


You had 6 spell levels left.
You knew the following spells:

 Your Spells              Type           Power        Failure   Level  Hunger
a - Repel Missiles        Chrm/Air       #.....       100%        2    ###....


Dungeon Overview and Level Annotations

Branches:
Dungeon (8/15)             Temple (0/1) D:5
   Lair: D:8-11

Annotations:
Bailey Yehuk's ghost, novice DsMo


Innate Abilities, Weirdness & Mutations

You have an increased reservoir of magic (+10% MP).
Your attributes are resistant to harm.


Message History

The orc hits you but does no damage.
You barely miss Yehuk's ghost.
Yehuk's ghost is heavily damaged.
The orc warrior hits you from afar with a halberd!
* * * LOW HITPOINT WARNING * * *
Yehuk's ghost misses you. The orc closely misses you.
You closely miss Yehuk's ghost.
Yehuk's ghost is heavily damaged.
Yehuk's ghost sneers, "Do you call that fighting?"
You block Yehuk's ghost's attack. You block the orc warrior's attack.
The orc barely misses you.
You closely miss Yehuk's ghost.
Yehuk's ghost is heavily damaged.
You block Yehuk's ghost's attack.
The orc warrior hits you but does no damage.
The orc barely misses you.
You puncture Yehuk's ghost!
Yehuk's ghost is severely damaged.
Yehuk's ghost hits you!
You die...

#≈...≈.≈≈..⌠.⌠..≈.≈≈.≈.#
#≈≈..≈≈.≈≈≈...≈≈≈.≈.≈≈.#
#≈≈⌠..≈≈..≈≈≈≈≈..≈≈.≈.##
##≈≈...≈≈≈.....≈≈≈.≈≈.#
##≈≈....≈≈≈≈≈≈≈..≈≈..#
##≈..≈≈.......≈≈≈.⌠.#
#≈...≈≈≈≈≈≈≈≈≈....##.
#≈.......... ####..
####@##########⌠.....
#....Woo.............
##....o..............
##≈≈≈≈≈≈≈≈≈≈≈≈≈≈≈≈≈#
###################


You could see an orc warrior, Yehuk's ghost and 2 orcs.

Vanquished Creatures
  The ghost of skk the Blocker, a novice DsFi of Okawaru (D:7)
  Pikel (D:4)
  A two-headed ogre (D:6)
  A human (D:5)
  A water moccasin (D:6)
  3 orc warriors (D:6)
  A phantom (D:7)
  An ice beast (D:6)
  A necrophage (D:4)
  3 centaurs
  3 ogres
  2 big kobolds
  2 giant frogs (D:6)
  5 scorpions
  A wyvern skeleton (D:6)
  A killer bee (D:7)
  5 wights (D:7)
  A howler monkey (D:4)
  A crimson imp (D:5)
  A centaur zombie (D:5)
  A quasit (D:8)
  A centaur skeleton (D:5)
  A hound (D:6)
  Jessica (D:2)
  6 worker ants
  A worker ant zombie (D:7)
  3 adders
  3 oozes
  An adder skeleton (D:8)
  5 worms
  2 dart slugs
  3 giant geckos
  26 orcs
  A ball python (D:3)
  6 giant cockroaches
  7 goblins
  6 hobgoblins
  9 jackals
  29 kobolds
  4 quokkas
  5 bats
  13 giant newts
  5 rats
  A butterfly (D:7)
  4 plants (D:6)
180 creatures vanquished.

Vanquished Creatures (collateral kills)
  A giant frog (D:7)
  A giant newt (D:7)
  A butterfly (D:7)
3 creatures vanquished.

Vanquished Creatures (others)
  2 orcs
  A plant (D:6)
3 creatures vanquished.

Grand Total: 186 creatures vanquished

Notes
Turn   | Place    | Note
--------------------------------------------------------------
     0 | D:1      | MovingMist the Demigod Fighter began the quest for the Orb.
     0 | D:1      | Reached XP level 1. HP: 18/18 MP: 3/3
   244 | D:1      | Reached XP level 2. HP: 25/25 MP: 4/4
   303 | D:1      | Reached skill level 1 in Dodging
   606 | D:1      | Reached XP level 3. HP: 21/30 MP: 5/5
  1061 | D:2      | Found a faded altar to an unknown god.
  1183 | D:2      | Found a blossoming altar of Fedhas.
  1489 | D:2      | Noticed Jessica
  1503 | D:2      | Killed Jessica
  1503 | D:2      | Reached XP level 4. HP: 8/38 MP: 6/6
  1517 | D:2      | Identified Jessica's Catalogue of Enhancements
  1526 | D:2      | Learned a level 2 spell: Repel Missiles
  2635 | D:4      | Reached XP level 5. HP: 45/45 MP: 7/7
  3264 | D:4      | Noticed a slave
  3265 | D:4      | Noticed a slave
  3276 | D:4      | Noticed Pikel
  3276 | D:4      | Noticed a slave
  3279 | D:4      | Noticed a slave
  3288 | D:4      | Killed Pikel
  3288 | D:4      | Reached XP level 6. HP: 18/53 MP: 8/8
  3288 | D:4      | Reached XP level 7. HP: 21/60 MP: 9/9
  3741 | D:5      | Entered Level 5 of the Dungeon
  3870 | D:5      | Reached skill level 5 in Fighting
  3870 | D:5      | Reached skill level 5 in Shields
  4012 | D:5      | Found a staircase to the Ecumenical Temple.
  4103 | D:5      | Noticed a human
  4103 | D:5      | an ogre changed into a human
  4117 | D:5      | Killed a human
  4117 | D:5      | Reached XP level 8. HP: 68/68 MP: 10/10
  4583 | D:6      | Reached skill level 5 in Axes
  4638 | D:6      | Noticed a two-headed ogre
  4638 | D:6      | an ogre changed into a two-headed ogre
  4653 | D:6      | Killed a two-headed ogre
  4653 | D:6      | Reached skill level 5 in Dodging
  5167 | D:6      | Found a snail-covered altar of Cheibriados.
  5284 | D:6      | Found a basalt altar of Yredelemnul.
  5288 | D:6      | Found a glowing golden altar of the Shining One.
  5296 | D:6      | Noticed an angel
  5309 | D:6      | Noticed a profane servitor
  5360 | D:6      | Found a shimmering altar of Xom.
  5402 | D:6      | Reached XP level 9. HP: 75/75 MP: 11/11
  5704 | D:7      | Found a snail-covered altar of Cheibriados.
  5759 | D:7      | Noticed skk's ghost (novice DsFi)
  5778 | D:7      | Killed skk's ghost
  5900 | D:7      | Found a runed door.
  5906 | D:7      | Found a runed door.
  6552 | D:8      | Found a flagged portal.
  6575 | Bailey   | Entered a bailey
  6692 | Bailey   | Noticed Yehuk's ghost (novice DsMo)
  6720 | Bailey   | Slain by Yehuk's ghost

Vault maps used:
D:1:      lemuel_arrival_rhombus, minmay_misc_feat_columns, minmay_lizard_king
D:2:      lemuel_crystal_altar, ecumenical_altar_1, kennysheep_jessica_study
D:4:      minivault_4, hex_large, item_on_display_a, uniq_pikel
D:5:      lemuel_temple_firewalk_marked, first_bread
D:6:      kennysheep_kobold_camp, grunt_temple_overflow_holy_war,
          xom_butterflies, nrook_pool_corridor, kennysheep_slug_shrine
D:7:      lemuel_insect_pit, lemuel_coloured_pillars_altar, grunt_ogre_cave,
          grunt_ministairs_14
D:8:      gammafunk_temple_overflow_elements, enter_bailey_2
Bailey:   bailey_polearm_flooded_kennysheep, bailey

Skill      XL: |  1  2  3  4  5  6  7  8  9 |
---------------+----------------------------+-----
Axes           | 2 3 4 5 6 |  6.8
Dodging        | 1 2 3 4 5 6 |  6.5
Shields        | 3 4 5 6 7 |  7.1
Fighting       | 3 4 5 6 7 |  7.0
Armour         | |  2.6

Action                   |  1- 3 |  4- 6 |  7- 9 || total
-------------------------+-------+-------+-------++-------
Melee: War axe           |   139 |    91 |   451 ||   681
       Trident           |       |       |    15 ||    15
Throw: Throwing net      |       |       |     1 ||     1
Evoke: Wand              |       |       |     2 ||     2
  Use: Scroll            |     7 |     3 |     8 ||    18
       Potion            |       |       |     1 ||     1
 Stab: Held in net/web   |       |       |     1 ||     1
       Distracted        |       |       |     1 ||     1
  Eat: Chunk             |     2 |     6 |     4 ||    12
       Pizza             |       |       |     1 ||     1
       Bread ration      |       |       |     1 ||     1
       Royal jelly       |       |       |     1 ||     1
       Fruit             |       |       |     1 ||     1
Armor: Scale mail        |    32 |       |       ||    32
       Plate armour      |    27 |    58 |   172 ||   257
Dodge: Dodged            |    33 |    20 |   111 ||   164
Block: Shield            |    87 |    65 |   302 ||   454
